 Dungeon Crawl Stone Soup version 0.20.2 (webtiles) character file.

249 Alfie the Shooter (level 5, 0/46 HPs)
             Began as a Minotaur Hunter on Apr 9, 2020.
             Slain by Sigmund
             ... wielding a +0 scythe
              (5 damage)
             ... on level 3 of the Dungeon.
             The game lasted 00:05:47 (1709 turns).

Alfie the Shooter (Minotaur Hunter)                 Turns: 1709, Time: 00:05:47

Health: 0/46       AC:  5    Str: 18    XL:     5   Next: 87%
Magic:  4/4        EV: 12    Int:  8    God:
Gold:   74         SH:  0    Dex: 10    Spells: 4/4 levels left

rFire    . . .     SeeInvis .   b - +0 short sword
rCold    . . .     Gourm    .   (no shield)
rNeg     . . .     Faith    .   c - +2 leather armour
rPois    .         Spirit   .   (helmet restricted)
rElec    .         Reflect  .   (no cloak)
rCorr    .         Harm     .   (no gloves)
MR       .....                  (no boots)
Stlth    +.........             (no amulet)
Regen    0.2/turn               (no ring)
MPRegen  0.1/turn               (no ring)

@: no status effects
A: retaliatory headbutt, horns 2
a: no special abilities


You were on level 3 of the Dungeon.
You were not hungry.

You visited 1 branch of the dungeon, and saw 3 of its levels.

You collected 74 gold pieces.

Inventory:

Hand Weapons
 a - a +1 shortbow
 b - a +0 short sword (weapon)
Missiles
 d - 16 arrows
Armour
 c - a +2 leather armour (worn)
Jewellery
 k - an uncursed ring of ice
 n - an uncursed ring of flight
 o - an uncursed ring of magical power {unknown}
Potions
 e - a potion of agility {unknown}
 h - a potion of heal wounds {unknown}
 i - a potion of curing {unknown}
 l - a potion of flight {unknown}
 m - a potion of might {unknown}
Comestibles
 f - a bread ration
 g - a meat ration
 j - a royal jelly


   Skills:
 + Level 3.7 Fighting
 + Level 0.4 Short Blades
 + Level 6.9 Bows
 + Level 1.6 Armour
 + Level 2.4 Dodging
 + Level 1.1 Stealth


You had 4 spell levels left.
You didn't know any spells.

Dungeon Overview and Level Annotations

Branches:
Dungeon (3/15)

Altars:
Dithmenos
Ru
The Shining One

Annotations:
D:3 Sigmund


Innate Abilities, Weirdness & Mutations

You reflexively headbutt those who attack you in melee.
You have a pair of horns on your head.


Message History

You kill the quokka!
Firing (i - inventory):
d - 16 arrows (quivered)
Press: ? - help, Shift-Dir - straight line
Okay, then.
Wield which item (- for none, * to show all)? (? for menu, Esc to quit)
b - a +0 short sword (weapon)
You hear some strange, mumbled words.
You are confused.
Something hits you but does no damage.
You bump into the rock wall.
You bump into the rock wall.
Something hits you.
* * * LOW HITPOINT WARNING * * *
You closely miss something. Something hits you!
* * * LOW HITPOINT WARNING * * *
You miss something. Something hits you but does no damage.
You miss something. You completely miss something.
You feel less confused. Something hits you.
You die...

#.........######
#.........#
###.......).#
.(#.........#
#.#.........#
#.#.......>.+
#(#.........###
#{#...........#
#@#.##+######.#
##.#..)..## #.#
#........... #.#
############ #.#
..# #.# ###


There were no monsters in sight!

Vanquished Creatures
  Grinder (D:3)
  An adder (D:2)
  An ooze (D:3)
  A worm (D:2)
  2 dart slugs (D:1)
  A leopard gecko (D:3)
  An orc (D:3)
  3 goblins
  4 hobgoblins
  4 jackals
  3 kobolds (D:1)
  A quokka (D:3)
  5 bats
  3 frilled lizards (D:2)
  3 rats
34 creatures vanquished.

Notes
Turn   | Place    | Note
-------+----------+-------------------------------------------
     0 | D:1      | Alfie the Minotaur Hunter began the quest for the Orb.
     0 | D:1      | Reached XP level 1. HP: 18/18 MP: 0/0
   136 | D:1      | Reached XP level 2. HP: 25/25 MP: 1/1
   277 | D:1      | Reached skill level 5 in Bows
   985 | D:2      | Reached XP level 3. HP: 30/30 MP: 2/2
  1303 | D:2      | Found a sacrificial altar of Ru.
  1303 | D:2      | Found a shadowy altar of Dithmenos.
  1572 | D:3      | Found a glowing golden altar of the Shining One.
  1616 | D:3      | Noticed Grinder
  1625 | D:3      | Killed Grinder
  1625 | D:3      | Reached skill level 6 in Bows
  1625 | D:3      | Reached skill level 1 in Armour
  1625 | D:3      | Reached skill level 1 in Stealth
  1625 | D:3      | Reached XP level 4. HP: 25/40 MP: 3/3
  1625 | D:3      | Reached XP level 5. HP: 29/46 MP: 4/4
  1692 | D:3      | Noticed Sigmund
  1709 | D:3      | Slain by Sigmund

Skill      XL: |  1  2  3 |
---------------+----------+-----
Bows           | 5 6 |  6.9
Fighting       | 3 |  3.7
Armour         | 1 |  1.6
Stealth        | 1 |  1.1
Short Blades   | |  0.4
Dodging        | |  2.4

Action                   |  1- 3 |  4- 6 || total
-------------------------+-------+-------++-------
Melee: Short sword       |    14 |     4 ||    18
       Headbutt          |     1 |       ||     1
 Fire: Shortbow          |    99 |     8 ||   107
  Use: Scroll            |     5 |       ||     5
  Eat: Bread ration      |     1 |       ||     1
Armor: Leather armour    |    12 |     2 ||    14
Dodge: Dodged            |    42 |       ||    42
